 Dungeon Crawl Stone Soup version 0.19.0-24-gb05acd6 (console) character file.

259 Jesseh the Digger (level 6, -1/32 HPs)
             Began as a Gargoyle Earth Elementalist on Nov 20, 2016.
             Slain by a gnoll
             ... wielding a +0 spear
              (8 damage)
             ... on level 5 of the Dungeon.
             The game lasted 00:29:39 (3898 turns).

Jesseh the Digger (Gargoyle Earth Elementalist)     Turns: 3898, Time: 00:29:39

Health: -1/32      AC:  7    Str: 11    XL:     6   Next: 17%
Magic:  6/12       EV: 12    Int: 18    God:
Gold:   166        SH:  0    Dex: 10    Spells: 2 memorised, 10 levels left

rFire  . . .     SeeInvis .     q - +1 dagger (vamp)
rCold  . . .     Gourm    .     w - +0 robe
rNeg   + + .     Faith    .     (no shield)
rPois  ∞         Spirit   .     t - +0 helmet
rElec  +         Reflect  .     (no cloak)
rCorr  .         Harm     .     (no gloves)
MR     .....                    (no boots)
Stlth  +.........               (no amulet)
                                r - ring of wizardry
                                i - ring of positive energy

@: confused, very slightly contaminated
A: negative energy resistance 1, electricity resistance, unbreathing,
petrification resistance, rot immunity, AC +4
a: no special abilities


You were on level 5 of the Dungeon.
You were not hungry.

You visited 1 branch of the dungeon, and saw 5 of its levels.

You collected 166 gold pieces.

Inventory:

Hand Weapons
 k - a +0 club
   (You took it off a hobgoblin on level 1 of the Dungeon)
 m - a -3 short sword
   (You took it off a kobold on level 2 of the Dungeon)
 q - a +1 vampiric dagger (weapon)
   (You took it off a goblin on level 2 of the Dungeon)
Missiles
 b - 146 stones (quivered)
Armour
 c - a +0 robe
 t - a +0 helmet (worn)
   (You found it on level 3 of the Dungeon)
 w - a +0 robe (worn)
   (You found it on level 3 of the Dungeon)
Jewellery
 i - a ring of positive energy (left hand)
   (You found it on level 1 of the Dungeon)
 l - an uncursed ring of see invisible {unknown}
   (You found it on level 2 of the Dungeon)
 r - a ring of wizardry (right hand)
   (You found it on level 2 of the Dungeon)
Scrolls
 j - a scroll of immolation {unknown}
 n - 3 scrolls of remove curse
 o - 2 scrolls of enchant weapon {unknown}
 p - 2 scrolls of recharging {unknown}
 s - a scroll of amnesia {unknown}
 u - 4 scrolls of identify {unknown}
 y - a scroll of teleportation {unknown}
Potions
 a - a potion of heal wounds {unknown}
 g - 3 potions of ambrosia
 h - 4 potions of curing {unknown}
 v - a potion of brilliance {unknown}
 z - a potion of might {unknown}
 A - a potion of invisibility {unknown}
 B - a potion of flight {unknown}
 C - a potion of cure mutation {unknown}
Books
 e - a book of Geomancy
Comestibles
 d - 6 bread rations
 f - 11 fruits
 x - 2 meat rations


   Skills:
 - Level 1.5 Dodging
 - Level 2.1 Stealth
 * Level 4.5 Spellcasting
 + Level 2.3 Conjurations
   Level 0.7 Transmutations
 + Level 5.0 Earth Magic


You had 10 spell levels left.
You knew the following spells:

 Your Spells              Type           Power        Failure   Level  Hunger
a - Sandblast             Erth           ###...       1%          1    None
b - Stone Arrow           Conj/Erth      ###...       4%          3    ###....


Dungeon Overview and Level Annotations

Branches:
Dungeon (5/15)
 Temple: D:4-7

Altars:


Innate Abilities, Weirdness & Mutations

You are resistant to torment.
Your stone body is resilient. (AC +4)
You are immune to poison.
You resist negative energy. (rN+)
You are resistant to electric shocks. (rElec)
You can survive without breathing.
You are immune to petrification.
You are immune to rotting.


Message History

Unknown command.
A leather armour.
The floor.
You can't see any susceptible monsters within range! (Use Z to cast anyway.)
Aim: an orc, wielding a whip (resting)
The stone arrow hits the orc.
You kill the orc!
You see here a whip.
You open the door.
There is an open door here.
You see here a chain mail. 20 stones.
The floor.
b - 146 stones (gained 20)
You are feeling hungry.
You start eating one of the 12 fruits.
That choko was very bland.
Found a stone staircase leading up.
There is a stone staircase leading up here.
A gnoll comes into view. It is wielding a spear.
The gnoll shouts!
A gnoll comes into view. It is wielding a spear.
You see here a trident.
Aim: a gnoll, wielding a spear The stone arrow hits the gnoll.
The gnoll shouts!
Aim: a gnoll, wielding a spear (almost dead)
You miscast Stone Arrow.
You are very lightly contaminated with residual magic.
Your skin tingles.
A gnoll comes into view. It is wielding a spear.
Aim: a gnoll, wielding a spear (almost dead)
The blast of sand misses the gnoll.
The gnoll shouts!
The gnoll hits you but does no damage.
Aim: a gnoll, wielding a spear (almost dead)
The blast of sand hits the gnoll.
You kill the gnoll!
Your Earth Magic skill increases to level 5!
The gnoll hits you but does no damage.
Aim: a gnoll, wielding a spear The stone arrow hits the gnoll.
The gnoll closely misses you.
You don't have enough magic to cast that spell.
Aim: a gnoll, wielding a spear (almost dead)
The blast of sand hits the gnoll.
You kill the gnoll!
The gnoll hits you from afar with a spear.
A quokka comes into view.
The gnoll hits you with a spear.
You hit the gnoll but do no damage. The gnoll hits you with a spear.
You hit the gnoll.
You feel better. The gnoll hits you but does no damage.
You barely miss the gnoll. The gnoll misses you.
You barely miss the gnoll.
The quokka bites you but does no damage.
The gnoll hits you with a spear! The quokka completely misses you.
You hit the gnoll but do no damage. The gnoll barely misses you.
The quokka bites you but does no damage.
You hit the gnoll but do no damage. The gnoll hits you with a spear.
The quokka bites you.
You hit the gnoll but do no damage. The gnoll misses you.
The quokka bites you but does no damage.
You barely miss the gnoll. The quokka closely misses you.
The gnoll closely misses you.
You closely miss the gnoll.
The quokka bites you but does no damage.
The gnoll hits you but does no damage. The quokka barely misses you.
You hit the gnoll but do no damage. The gnoll hits you with a spear.
* * * LOW HITPOINT WARNING * * *
The quokka closely misses you.
You barely miss the gnoll. The gnoll hits you but does no damage.
The quokka barely misses you.
You completely miss the gnoll. The gnoll hits you with a spear.
* * * LOW HITPOINT WARNING * * *
The quokka bites you.
* * * LOW HITPOINT WARNING * * *
The gnoll hits you from afar with a spear.
* * * LOW HITPOINT WARNING * * *
You hit the quokka.
You feel better. The quokka barely misses you.
The gnoll hits you from afar with a spear.
* * * LOW HITPOINT WARNING * * *
You hit the quokka.
You feel better. The quokka misses you. The gnoll misses you.
The quokka closely misses you.
You hit the quokka but do no damage. The gnoll closely misses you.
The quokka closely misses you.
You miss the quokka. The gnoll hits you but does no damage.
The quokka misses you.
You miss the quokka. The gnoll hits you but does no damage.
The quokka closely misses you.
You hit the quokka.
You feel better.
You kill the quokka!
The gnoll hits you from afar with a spear.
* * * LOW HITPOINT WARNING * * *
Aim: a gnoll, wielding a spear (lightly wounded)
The stone arrow hits the gnoll.
The gnoll hits you but does no damage.
You found an alarm trap!
It was a potion of ambrosia.
You are confused.
You feel invigorated.
The gnoll hits you from afar with a spear!
You die...

..▒ ..▒ ... ▒.▒ ... ... ▒.▒
▒.▒ ..▒ ▒.▒ ▒.▒▒▒▒▒▒..▒ ▒.▒
▒.▒...)...▒.▒ ▒.▒▒▒▒▒▒▒▒▒
▒.▒...).....▒
▒.▒▒......▒▒▒▒▒.▒.).......▒
▒.▒▒.▒▒▒▒....<▒...g.......▒
..▒.............8.......▒.▒
▒▒▒.............^.......▒
▒.▒▒▒▒▒▒▒▒▒▒▒▒+▒▒▒▒▒▒▒▒
▒▒▒.▒....▒ .........▒
.........▒ ........▒▒
........▒ .)......▒


You could see a gnoll.

Vanquished Creatures
  A crimson imp (D:3)
  A centaur skeleton (D:4)
  An iguana (D:4)
  A worker ant (D:4)
  2 gnolls (D:5)
  An adder (D:4)
  A shadow imp (D:5)
  2 oozes (D:1)
  A dart slug (D:3)
  4 worms
  A leopard gecko (D:2)
  An orc (D:5)
  5 bats
  2 giant cockroaches
  8 hobgoblins
  14 jackals
  3 quokkas
  6 frilled lizards
  7 goblins
  A jackal skeleton (D:4)
  4 kobolds
  27 rats
94 creatures vanquished.

Notes
Turn   | Place    | Note
-------+----------+-------------------------------------------
     0 | D:1      | Jesseh the Gargoyle Earth Elementalist began the quest for the Orb.
     0 | D:1      | Reached XP level 1. HP: 10/10 MP: 3/3
   232 | D:1      | Reached XP level 2. HP: 14/15 MP: 0/5
   899 | D:1      | Reached skill level 3 in Spellcasting
   899 | D:1      | Reached XP level 3. HP: 19/19 MP: 5/7
   904 | D:1      | Learned a level 3 spell: Stone Arrow
  1175 | D:2      | Reached skill level 4 in Earth Magic
  1789 | D:2      | Reached XP level 4. HP: 14/24 MP: 2/9
  1807 | D:2      | HP: 6/24 [jackal (2)]
  1809 | D:2      | HP: 2/24 [jackal (3)]
  2274 | D:3      | Reached skill level 1 in Conjurations
  2760 | D:3      | Reached XP level 5. HP: 28/28 MP: 3/10
  3000 | D:4      | Reached skill level 4 in Spellcasting
  3140 | D:4      | Reached skill level 2 in Conjurations
  3513 | D:4      | Reached XP level 6. HP: 32/32 MP: 8/12
  3755 | D:5      | Entered Level 5 of the Dungeon
  3872 | D:5      | Reached skill level 5 in Earth Magic
  3887 | D:5      | HP: 6/32 [gnoll/spear (5)]
  3894 | D:5      | HP: 1/32 [gnoll/spear (6)]
  3898 | D:5      | Slain by a gnoll

Skill      XL: |  1  2  3  4  5  6 |
---------------+-------------------+-----
Spellcasting   | 3 4 |  4.5
Earth Magic    | 4 5 |  5.0
Conjurations   | 1 2 |  2.3
Dodging        | |  1.5
Stealth        | |  2.1
Transmutations | |  0.7

Action                   |  1- 3 |  4- 6 || total
-------------------------+-------+-------++-------
Melee: Unarmed           |     2 |       ||     2
       Club              |    41 |       ||    41
       Short sword       |    48 |       ||    48
       Dagger            |       |   164 ||   164
 Cast: Sandblast         |    76 |    29 ||   105
       Stone Arrow       |       |    30 ||    30
  Use: Scroll            |     1 |       ||     1
       Potion            |       |     1 ||     1
  Eat: Chunk             |     3 |     8 ||    11
       Bread ration      |     1 |       ||     1
       Fruit             |       |     2 ||     2
Armor: Robe              |    49 |    90 ||   139
Dodge: Dodged            |    92 |   142 ||   234

Vault maps used:
D:1:      minmay_arrival_radiant_lines, serial_bayou, serial_bayou_lagoon_a,
          serial_bayou_crossing, serial_bayou_pond_b, serial_bayou_shore_b,
          serial_bayou_pond_e
D:3:      kennysheep_boxes
D:4:      minivault_14, minmay_rat_hole
D:5:      first_bread, uniq_pikel

Table legend:
 A = Turns spent in this place as a percentage of turns spent in the entire game.
 B = Non-inter-level travel turns spent in this place as a percentage of non-inter-level travel turns spent in the entire game.
 C = Inter-level travel turns spent in this place as a percentage of turns spent in this place.
 D = Turns resting spent in this place as a percentage of non-inter-level travel turns spent in this place.
 E = Turns spent auto-exploring this place as a percentage of non-inter-level travel turns spent in this place.
 F = Non-inter-level travel turns spent in this place divided by the number of levels of this place that you've seen.
                   A       B       C       D       E      F
               +-------+-------+-------+-------+-------+----------------------
         Total | 100.0 | 100.0 |   0.3 |   1.8 |   6.6 | 250.2
       Dungeon | 100.0 | 100.0 |   0.3 |   1.8 |   6.6 | 250.2
               +-------+-------+-------+-------+-------+----------------------

Table legend:
 A = Kills in this place as a percentage of kills in entire the game.
 B = Kills by you in this place as a percentage of kills by you in the entire game.
 C = Kills by friends in this place as a percentage of kills by friends in the entire game.
 D = Other kills in this place as a percentage of other kills in the entire game.
 E = Experience gained in this place as a percentage of experience gained in the entire game.
 F = Experience gained in this place divided by the number of levels of this place that you have seen.
                   A       B       C       D       E      F
               +-------+-------+-------+-------+-------+----------------------
         Total | 100.0 | 100.0 |  -nan |  -nan | 100.0 |  74.0
       Dungeon | 100.0 | 100.0 |  -nan |  -nan | 100.0 |  74.0
               +-------+-------+-------+-------+-------+----------------------
